 Dungeon Crawl Stone Soup version 0.28-a0-863-g8cecda6153 (webtiles) character file.

Game seed: 9431256776903461466

147 pokeman the Magician (level 5, 0/29 HPs)
             Began as a Deep Elf Hedge Wizard on Nov 17, 2021.
             Killed by miscasting Mephitic Cloud (8 damage)
             ... on level 3 of the Dungeon.
             The game lasted 00:06:03 (3718 turns).

pokeman the Magician (Deep Elf Hedge Wizard)        Turns: 3718, Time: 00:06:05

Health: 0/29       AC:  3    Str:  7    XL:     5   Next: 8%
Magic:  9/15       EV: 11    Int: 20    God:
Gold:   132        SH:  0    Dex: 14    Spells: 5/16 levels left

rFire   . . .      SeeInvis .   g - +2 dagger (protect)
rCold   . . .      Faith    .   (no shield)
rNeg    . . .      Spirit   .   e - +0 leather armour
rPois   .          Reflect  .   c - +0 hat
rElec   .          Harm     .   (no cloak)
rCorr   .          Rampage  .   (no gloves)
Will    .....                   (no boots)
Stlth   ++........              (no amulet)
HPRegen 0.09/turn               (no ring)
MPRegen 0.14/turn               (no ring)

@: lethally poisoned (0 -> -8), very slightly contaminated
A: no striking features
a: no special abilities


You were on level 3 of the Dungeon.
You visited 1 branch of the dungeon, and saw 3 of its levels.

You collected 132 gold pieces.

Inventory:

Hand Weapons
 g - a +2 dagger of protection (weapon)
Missiles
 l - 22 bolts
 o - 23 arrows
Armour
 b - a +0 kite shield
 c - a +0 hat (worn)
 e - a +0 leather armour (worn)
Wands
 k - a wand of acid (11)
Scrolls
 f - a scroll of blinking {unknown}
 j - a scroll of teleportation {unknown}
 m - a scroll of identify {unknown}
Potions
 a - a potion of berserk rage {unknown}
 d - 2 potions of magic {unknown}
 h - a potion of might {unknown}
 i - 2 potions of attraction {unknown}
 n - a potion of heal wounds
 p - a potion of curing {unknown}


   Skills:
 - Level 1.3 Fighting
 - Level 1.0 Armour
 + Level 2.4 Dodging
 - Level 2.4 Stealth
 - Level 1.0 Shields
 * Level 6.0 Spellcasting
 + Level 2.4 Conjurations
 - Level 1.1 Summonings
 - Level 1.1 Translocations
 + Level 0.6 Fire Magic


You had 5 spell levels left.
You knew the following spells:

 Your Spells              Type           Power      Damage    Failure   Level
a - Magic Dart            Conj           60%        1d6       5%          1
b - Mephitic Cloud        Conj/Pois/Air  9%         N/A       32%         3
c - Call Imp              Summ           10%        N/A       14%         2
d - Blink                 Tloc           20%        N/A       14%         2
e - Conjure Flame         Conj/Fire      12%        6-21      24%         3

Your spell library contained the following spells:

 Spells                   Type           Power      Damage    Failure   Level
 Slow                     Hex            24%        N/A       16%         1
 Petrify                  Tmut/Erth      6%         N/A       83%         4
 Metabolic Englaciation   Hex/Ice        3%         N/A       99%         5
 Statue Form              Tmut/Erth      4%         N/A       100%        6


Dungeon Overview and Level Annotations

Branches:
Dungeon (3/15)

Altars:
Yredelemnul

Shops:
D:3 (


Message History

Confirm with . or Enter, or press ? or * to list all spells.
You can't see any susceptible monsters within range! (Use Z to cast anyway.) Unknown command.
Your magical contamination has completely faded away.
Magic restored.
p - a fuming purple potion Unknown command.
An orc and an orc priest come into view.
The orc priest shouts!
You hear a shout!
An orc comes into view. It is wielding a +1 vampiric war axe.
An orc priest comes into view. It is wielding a +0 falchion.
The orc moves out of view.
You start waiting.
An orc priest is nearby!
Casting: Magic Dart (safe; 5% risk of failure)
Confirm with . or Enter, or press ? or * to list all spells.
You don't know that spell.
Casting: Magic Dart (safe; 5% risk of failure)
Confirm with . or Enter, or press ? or * to list all spells.
The spell is extremely dangerous to cast (32% risk of failure)!
Continue anyway?
Aiming: Mephitic Cloud (extremely dangerous; 32% risk of failure)
Press: ? - help, Shift-Dir - straight line, f - orc priest
Aim: an orc priest, wielding a +0 club and wearing a +0 chain mail (chance to affect: 86%)
You miscast Mephitic Cloud.
You are very lightly contaminated with residual magic.
You feel odd!
You are poisoned.
You feel sick.
The orc priest invokes the aid of Beogh against you.
Pain shoots through your body!
* * * LOW HITPOINT WARNING * * *
Casting: Mephitic Cloud (extremely dangerous; 32% risk of failure)
Confirm with . or Enter, or press ? or * to list all spells.
The spell is extremely dangerous to cast (32% risk of failure)!
Continue anyway?
Aiming: Mephitic Cloud (extremely dangerous; 32% risk of failure)
Press: ? - help, Shift-Dir - straight line, f/p - orc priest
Aim: an orc priest, wielding a +0 club and wearing a +0 chain mail (chance to affect: 86%)
You miscast Mephitic Cloud.
You feel rather nauseous for a moment!
You are lethally poisoned!
You die...

#..#.#..##.............##..
#.......##.............#...
#.......##.............#...
####'#####.............#...
#...................#...
#...................#...
##......###### #... #......# ####
.. #.....@# #... #......####
#...#######..>...o..####### ###
.................#...o....###..
..............................
........................#.#.#.#.#
.................................
........................#.#.#...
............#####................


You could see an orc priest.

Vanquished Creatures
  A bullfrog zombie (D:3)
  2 gnolls (D:2)
  2 adders (D:2)
  A worm (D:2)
  2 dart slugs (D:2)
  An orc (D:2)
  3 ball pythons (D:1)
  6 endoplasms
  A giant cockroach (D:1)
  3 goblins
  3 hobgoblins
  8 jackals (D:2)
  7 kobolds
  2 quokkas
  5 bats
  7 frilled lizards
  3 rats
57 creatures vanquished.

Vanquished Creatures (collateral kills)
  A gnoll (D:2)
1 creature vanquished.

Grand Total: 58 creatures vanquished

Notes
Turn   | Place    | Note
-------+----------+-------------------------------------------
     0 | D:1      | pokeman the Deep Elf Hedge Wizard began the quest for the
                  | Orb.
     0 | D:1      | Reached XP level 1. HP: 10/10 MP: 7/7
   404 | D:1      | Reached XP level 2. HP: 14/16 MP: 4/9
   519 | D:1      | Found a faded altar of an unknown god.
  1057 | D:1      | Reached skill level 5 in Spellcasting
  1461 | D:2      | Reached XP level 3. HP: 15/20 MP: 8/11
  1465 | D:2      | Learned a level 3 spell: Mephitic Cloud
  1468 | D:2      | Learned a level 2 spell: Call Imp
  1471 | D:2      | Learned a level 2 spell: Blink
  1475 | D:2      | Learned a level 3 spell: Conjure Flame
  1683 | D:2      | Reached skill level 1 in Armour
  1713 | D:2      | Reached skill level 1 in Fighting
  1868 | D:2      | Reached XP level 4. HP: 24/25 MP: 7/13
  2756 | D:2      | Found a basalt altar of Yredelemnul.
  3071 | D:3      | Found Nuxamnum's Antique Weapon Emporium.
  3353 | D:3      | HP: 1/25 [bullfrog zombie (1)]
  3355 | D:3      | Reached skill level 6 in Spellcasting
  3355 | D:3      | Reached XP level 5. HP: 2/29 MP: 1/15
  3676 | D:3      | Reached skill level 1 in Shields
  3718 | D:3      | Killed by miscasting Mephitic Cloud

Illustrated notes

Levels and vault maps discovered:
D:1:      psy_arrival_terrarium, layout_loops_corners,
          shapermc_ecumenical_altar_gd
D:2:      layout_loops_cross, basic_altar
D:3:      layout_basic, serial_shops, shop, hangedman_decor_riveting,
          kennysheep_generic_room_11

Skill      XL: |  1  2  3  4  5 |
---------------+----------------+-----
Spellcasting   | 5 6 |  6.0
Armour         | 1 |  1.0
Fighting       | 1 |  1.3
Conjurations   | 2 |  2.4
Shields        | 1 |  1.0
Dodging        | |  2.4
Stealth        | |  2.4
Summonings     | |  1.1
Translocations | |  1.1
Fire Magic     | |  0.6

Action                   |  1- 3 |  4- 6 || total
-------------------------+-------+-------++-------
Melee: Dagger            |    33 |     3 ||    36
 Cast: Magic Dart        |    69 |    76 ||   145
       Mephitic Cloud    |     3 |       ||     3
       Conjure Flame     |     1 |     1 ||     2
       Call Imp          |     1 |       ||     1
 Stab: Confused          |     2 |       ||     2
Armor: Leather armour    |    12 |    14 ||    26
Dodge: Dodged            |    18 |    16 ||    34

Table legend: (Time is in decaauts)
 A = Elapsed time spent in this place.
 B = Non-inter-level travel time spent in this place.
 C = Inter-level travel time spent in this place.
 D = Time resting spent in this place.
 E = Time spent auto-exploring this place.
 F = Levels seen in this place.
 G = Mean time per level.
                   A        B        C        D        E       F      G
               +--------+--------+--------+--------+--------+-----+--------+
         Total |   3718 |   3662 |     56 |    370 |   2836 |   3 | 1239.3 |
       Dungeon |   3718 |   3662 |     56 |    370 |   2836 |   3 | 1239.3 |
               +--------+--------+--------+--------+--------+-----+--------+

Top non-repeatable levels by time:
     D:1: 1462 daAuts
     D:2: 1453 daAuts
     D:3: 802 daAuts
